 Dungeon Crawl Stone Soup version 0.31.0-11-ge490571c62 (webtiles) character file.

Game seed: 14077402776645392701

195 qw the Ducker (level 5, -6/26 HPs)
             Began as a Spriggan Hunter on Feb 5, 2024.
             Incinerated by a bombardier beetle (10 damage)
             ... with a burning spray
             ... on level 4 of the Dungeon.
             The game lasted 00:00:43 (1983 turns).

qw the Ducker (Spriggan Hunter)                     Turns: 1983, Time: 00:00:44

Health: -6/26      AC:  2    Str:  7    XL:     5   Next: 45%
Magic:  6/6        EV: 21    Int: 10    God:
Gold:   107        SH:  0    Dex: 21    Spells: 4/4 levels left

rFire   . . .        a - +0 shortbow (heavy)
rCold   . . .        (shield currently unavailable)
rNeg    . . .        c - +0 robe
rPois   .            (helmet restricted)
rElec   .            (no cloak)
rCorr   .            (gloves unavailable)
SInv    +            (boots unavailable)
Will    .....        (no amulet)
Stlth   +            (no ring)
HPRegen 0.24/turn    (no ring)
MPRegen 0.10/turn

%: no passive effects
@: on fire, glowing, very quick
A: very small, no large weapons, unfitting armour, see invisible, speed 3
a: no special abilities


You were on level 4 of the Dungeon.
You visited 1 branch of the dungeon, and saw 4 of its levels.

You collected 107 gold pieces.


Innate Abilities, Weirdness & Mutations

You are very small and have problems with some larger weapons.
You are too small for most types of armour.
You have supernaturally acute eyesight. (SInv)
You cover ground extremely quickly. (Speed+++)


   Skills:
 - Level 2.1 Fighting
 + Level 5.4 Ranged Weapons
 - Level 5.4 Dodging
 - Level 1.5 Stealth


You had 4 spell levels left.
You didn't know any spells.
Your spell library was empty.

Inventory:

Hand Weapons
 a - a +0 heavy shortbow (weapon)
Armour
 c - a +0 robe (worn)
Wands
 k - a wand of flame (25)
Potions
 b - a potion of might
 d - a potion of resistance
 f - a potion of enlightenment
 h - a potion of curing {unknown}
 i - a potion of cancellation {unknown}

Dungeon Overview and Level Annotations

Branches:
Dungeon (4/15)
 Temple: D:4-7

Altars:
Kikubaaqudgha
Qazlal
Ru


Message History

The adder misses you.
You shoot an arrow. The arrow hits the bombardier beetle!
The bombardier beetle is almost dead.
The adder completely misses you. The adder closely misses you.
The bombardier beetle bites you.
You shoot an arrow.
The arrow hits the bombardier beetle but does no damage.
The bombardier beetle is almost dead.
The adder misses you. The adder bites you but does no damage.
The bombardier beetle bites you.
You shoot an arrow. The arrow hits the bombardier beetle.
The bombardier beetle is almost dead.
The adder bites you. x2
The bombardier beetle sprays incendiary fluid at you.
The burning spray misses you.
You shoot an arrow.
The arrow hits the bombardier beetle but does no damage.
The bombardier beetle is almost dead.
The adder misses you. The adder completely misses you.
The bombardier beetle sprays incendiary fluid at you.
The burning spray hits you.
You are covered in liquid fire!
The adder closely misses you.
You shoot an arrow. The arrow hits the bombardier beetle!
You kill the bombardier beetle!
The liquid fire burns you! The adder barely misses you. x2
You shoot an arrow. The arrow hits the adder!
The adder is severely wounded.
The liquid fire burns you! The adder closely misses you. x2
You shoot an arrow. The arrow closely misses the adder.
The liquid fire burns you! The adder misses you.
A goblin comes into view. It is wielding a +0 dagger.
The adder completely misses you.
You shoot an arrow. The arrow misses the adder.
The goblin shouts!
The liquid fire burns you!
You die...

..##..........
.............
##............
.............
#...........
#..?........
#...........
#.@S......
#..%.....#
###.###.## .#
.. #.g .. ...


You could see an adder and a goblin.

Vanquished Creatures
  A bombardier beetle (D:4)
  A hound (D:3)
  Ijyb (D:3)
  2 orc wizards (D:3)
  An adder (D:2)
  A dart slug (D:2)
  A ribbon worm (D:2)
  5 orcs (D:3)
  3 bats
  2 endoplasms
  3 giant cockroaches
  4 goblins
  5 hobgoblins
  3 jackals (D:1)
  2 quokkas
  3 ball pythons
  A frilled lizard (D:2)
  6 kobolds
  2 rats
47 creatures vanquished.

Notes
Turn   | Place    | Note
-------+----------+-------------------------------------------
     0 | D:1      | qw the Spriggan Hunter began the quest for the Orb.
     0 | D:1      | Reached XP level 1. HP: 10/10 MP: 2/2
     0 | D:1      | 0 ||| qw: Version: 0.3-a-160-g6735b56
     0 | D:1      | 0 ||| qw: Game counter: 6456
     0 | D:1      | 0 ||| qw: Melee chars always use a shield: true
     0 | D:1      | 0 ||| qw: God list: Okawaru
     0 | D:1      | 0 ||| qw: Allow faded altars: false
     0 | D:1      | 0 ||| qw: Do Orc after clearing Dungeon:15 true
     0 | D:1      | 0 ||| qw: Do second Lair branch before Depths: true
     0 | D:1      | 0 ||| qw: Lair rune preference: random
     0 | D:1      | 0 ||| qw: Goals: Normal
     0 | D:1      | 0 ||| PLANNING D:1-11
    12 | D:1      | Reached skill level 3 in Dodging
    28 | D:1      | Found a faded altar of an unknown god.
    81 | D:1      | 81 ||| DROPPING +5 sling.
   132 | D:1      | Reached XP level 2. HP: 14/14 MP: 3/3
   433 | D:1      | 433 ||| DROPPING ring of wizardry.
   434 | D:1      | 434 ||| READING scroll labelled JOUFU SOHIUFI.
   435 | D:1      | 435 ||| READING 2 scrolls labelled ASUWEE PACH.
   435 | D:1      | 435 ||| IDENTIFYING viscous silvery potion
   436 | D:1      | 436 ||| READING scroll of identify.
   436 | D:1      | 436 ||| IDENTIFYING glowing silvery potion
   437 | D:1      | 437 ||| DROPPING scroll of butterflies.
   438 | D:1      | 438 ||| DROPPING potion of ambrosia.
   508 | D:2      | 508 ||| READING scroll labelled XUSIR DAOGOXO.
   799 | D:2      | 799 ||| READING scroll of identify.
   799 | D:2      | 799 ||| IDENTIFYING orange potion
   968 | D:2      | Reached XP level 3. HP: 13/18 MP: 4/4
  1421 | D:3      | Noticed Ijyb
  1426 | D:3      | Killed Ijyb
  1427 | D:3      | Reached XP level 4. HP: 22/22 MP: 5/5
  1466 | D:3      | Found a sacrificial altar of Ru.
  1560 | D:3      | Found a stormy altar of Qazlal.
  1670 | D:3      | Found an ancient bone altar of Kikubaaqudgha.
  1806 | D:3      | 1806 ||| READING 2 scrolls of identify.
  1806 | D:3      | 1806 ||| IDENTIFYING emerald potion
  1807 | D:3      | 1807 ||| READING scroll of identify.
  1807 | D:3      | 1807 ||| IDENTIFYING black potion
  1808 | D:3      | 1808 ||| READING scroll labelled JUVAINLIGG.
  1808 | D:3      | 1808 ||| BRANDING +0 shortbow.
  1832 | D:4      | 1832 ||| STAIRDANCE
  1854 | D:4      | 1854 ||| STAIRDANCE
  1880 | D:4      | 1880 ||| STAIRDANCE
  1885 | D:4      | 1885 ||| STAIRDANCE
  1888 | D:3      | Reached XP level 5. HP: 21/25 MP: 6/6
  1906 | D:4      | 1906 ||| STAIRDANCE
  1912 | D:3      | HP: 3/25 [orc wizard/magic dart (8)]
  1913 | D:3      | 1913 ||| DRINKING potion of heal wounds.
  1964 | D:4      | 1964 ||| STAIRDANCE
  1969 | D:4      | 1969 ||| STAIRDANCE
  1982 | D:4      | HP: 4/26 [burnt (5)]
  1983 | D:4      | Incinerated by a bombardier beetle

Levels and vault maps discovered:
D:1:      dpeg_arrival_connections, layout_rooms, basic_ecumenical_altar,
          patterned_corridor
D:2:      layout_loops_cross
D:3:      layout_loops_ring, mainiacjoe_overflow_catch_the_wave,
          nicolae_ru_great_annihilating_truth, uniq_ijyb
D:4:      layout_rooms, uniq_robin, uniq_grinder

Skill      XL: |  1  2  3  4  5 |
---------------+----------------+-----
Dodging        | 3 4 5 |  5.4
Ranged Weapons | 5 |  5.4
Fighting       | 2 |  2.1
Stealth        | |  1.5

Action                     |  1- 3 |  4- 6 || total
---------------------------+-------+-------++-------
   Fire: Shortbow          |    99 |    51 ||   150
    Use: Scroll            |     5 |     3 ||     8
         Potion            |       |     1 ||     1
 Armour: Robe              |    10 |    19 ||    29
  Dodge: Dodged            |    38 |    46 ||    84

Table legend:
 A = Non-vault XP
 B = Vault XP
 C = Vault XP percentage of total XP
 D = Non-vault monster count
 E = Vault monster count
 F = Vault count percentage of total count
                 A         B        C        D         E       F
            +---------+---------+-------+---------+---------+-------
      Total |     204 |      75 |  26.9 |      41 |       6 |  12.8
            +---------+---------+-------+---------+---------+-------
        D:1 |      25 |       0 |   0.0 |      14 |       0 |   0.0
        D:2 |      33 |       0 |   0.0 |      11 |       0 |   0.0
        D:3 |     104 |      75 |  41.9 |      15 |       6 |  28.6
        D:4 |      42 |       0 |   0.0 |       1 |       0 |   0.0
            +---------+---------+-------+---------+---------+-------
